AoeStats
← Mvk7214

Acropolis

503507258Analyzed
1v1 RM · 1mo ago on Sep 1, 2026· 51m 14s· 2 players
Game mode
Random Map
Map size
Tiny (2 player)
Population
200
Speed
Normal
Resources
Standard
Victory
Conquest
Starting age
Dark Age
Ending age
Imperial Age
RankedLock teamsTeams togetherTeam positionsShared explorationLock speedFull tech treeHidden civsTurbo modeCheats
Victory
Defeat
🇭🇺 Franks · Hungary
391
+18
🇲🇦 Malians · Morocco
442
-18
balazsn18
11:26 Feudal Age
12:44 Double-Bit Axe
13:42 Wheelbarrow
12:53 Man-at-Arms
16:59 Loom
21:35 Castle Age
23:13 Bow Saw
27:00 Husbandry
28:31 Gold Mining
29:39 Forging
33:31 Scale Barding Armor
36:19 Imperial Age
36:16 Iron Casting
36:16 Arson
36:24 Cavalier
40:06 Gold Shaft Mining
40:39 Hand Cart
42:01 Blast Furnace
42:34 Paladin
43:04 Elite Skirmisher
44:00 Town Watch
45:01 Chain Barding Armor
47:10 Plate Barding Armor
50:49 Chemistry
Mvk7214
10:18 Feudal Age
11:11 Double-Bit Axe
23:23 Castle Age
22:46 Stone Mining
22:47 Gold Mining
22:54 Horse Collar
37:52 Imperial Age
40:29 Bow Saw
44:19 Chemistry
44:52 Wheelbarrow
45:37 Fishing Lines
46:53 Pikeman
50:34 Hand Cart
Connection lost

Rejoining the realm…

Still unreachable

The connection could not be restored.

Session expired

The server has moved on; the page needs a fresh start.